 Dungeon Crawl Stone Soup version 0.28-a0-983-g1de4e0787c (webtiles) character file.

Game seed: 16313824059556200349

132 kae the Ruffian (level 4, 0/35 HPs)
             Began as a Draconian Transmuter on Dec 2, 2021.
             Slain by Duvessa (3 damage)
             ... on level 4 of the Dungeon.
             The game lasted 00:02:47 (3841 turns).

kae the Ruffian (Draconian Transmuter)              Turns: 3841, Time: 00:02:47

Health: 0/35       AC:  2    Str: 13    XL:     4   Next: 92%
Magic:  6/8        EV: 19    Int: 15    God:
Gold:   39         SH:  0    Dex: 16    Spells: 4/8 levels left

rFire   . . .      SeeInvis .     - Unarmed
rCold   . . .      Faith    .   (shield currently unavailable)
rNeg    . . .      Spirit   .   (armour unavailable)
rPois   x          Reflect  .   (helmet currently unavailable)
rElec   .          Harm     .   (cloak currently unavailable)
rCorr   .          Rampage  .   (gloves currently unavailable)
Will    .....                   (boots currently unavailable)
Stlth   +.........              (no amulet)
HPRegen 0.11/turn               (no ring)
MPRegen 0.11/turn               (no ring)

@: lit by a corona, spider-form (expiring), glowing
A: venomous fangs, AC +5, tiny, unfitting armour, (cold-blooded)
a: End Transformation


You were on level 4 of the Dungeon.
You were a venomous arachnid creature.
You visited 1 branch of the dungeon, and saw 4 of its levels.

You collected 109 gold pieces.
You spent 70 gold pieces at shops.

Inventory:

Wands
 e - a wand of acid (8)
Scrolls
 d - a scroll of teleportation
Potions
 a - a potion of flight {unknown}
 b - a potion of heal wounds {unknown}
 c - a potion of lignification {unknown}
 g - a potion of might
 h - 2 potions of brilliance {unknown}


   Skills:
 - Level 1.1 Fighting
 - Level 1.7 Dodging
 + Level 3.6 Unarmed Combat
 + Level 2.7 Spellcasting
 * Level 3.6 Transmutations
 * Level 1.7 Poison Magic


You had 4 spell levels left.
You knew the following spells:

 Your Spells              Type           Power      Damage    Failure   Level
a - Beastly Appendage     Tmut           24%        N/A       14%         1
b - Spider Form           Tmut/Pois      10%        N/A       41%         3

Your spell library contained the following spells:

 Spells                   Type           Power      Damage    Failure   Level
 Wereblood                Tmut           12%        N/A       19%         2
 Freeze                   Ice            8%         1d3       41%         1
 Ensorcelled Hibernation  Hex/Ice        4%         N/A       52%         2
 Frozen Ramparts          Ice            4%         1d2       73%         3
 Ice Form                 Ice/Tmut       7%         N/A       85%         4
 Hailstorm                Conj/Ice       2%         3d3       97%         4


Dungeon Overview and Level Annotations

Branches:
Dungeon (4/15)
 Temple: D:4-7

Altars:
Gozag
Trog

Shops:
D:3 !   D:4 *

Annotations:
D:4 Dowan, Duvessa


Innate Abilities, Weirdness & Mutations

You are a venomous arachnid creature.
You have poisonous fangs.
You are tiny and dextrous.
Your spellcasting is less reliable in this form.
Your armour is entirely melded.
You are incapable of wielding weapons or throwing items.
((Your plain brown scales are hard. (AC +5)))
You cannot fit into any form of body armour.
((You are cold-blooded and may be slowed by cold attacks.))


Message History

Found a stone staircase leading up.
There is an escape hatch in the ceiling here.
Casting: Spider Form (quite dangerous; 21% risk of failure)
Confirm with . or Enter, or press ? or * to list all spells.
The spell is quite dangerous to miscast (21% risk of failure)!
Continue anyway? [Y]es or [N]o only, please.
The spell is quite dangerous to miscast (21% risk of failure)!
Continue anyway?
You turn into a venomous arachnid creature.
There is an escape hatch in the ceiling here.
You hit Duvessa but do no damage.
Duvessa is poisoned.
You hit Duvessa but do no damage.
Duvessa looks even sicker.
Duvessa is lightly wounded.
Duvessa completely misses you.
Dowan says, "Stay away from my face!"
Dowan points at Duvessa and mumbles some strange words.
Duvessa seems to speed up.
You hit Duvessa.
Duvessa looks as sick as possible!
Duvessa is lightly wounded.
Duvessa hits you with a +0 short sword! Dowan casts a spell at you.
You are outlined in light.
You hit Duvessa.
Duvessa looks as sick as possible!
Duvessa is moderately wounded.
Duvessa completely misses you. Duvessa hits you with a +0 short sword!
You hit Duvessa.
Duvessa looks as sick as possible!
Duvessa is moderately wounded.
Duvessa says, "Beauty is only skin deep, and my weapons penetrate much further than that."
Duvessa completely misses you.
You hit Duvessa but do no damage.
Duvessa looks as sick as possible!
Duvessa is heavily wounded.
Your transformation is almost over.
Duvessa completely misses you. Duvessa closely misses you.
You hit Duvessa.
Duvessa looks as sick as possible!
Duvessa is heavily wounded.
Duvessa hits you with a +0 short sword!
* * * LOW HITPOINT WARNING * * *
You hit Duvessa.
Duvessa looks as sick as possible!
Duvessa is severely wounded.
Duvessa hits you with a +0 short sword.
You die...

.......####
#.........#
#.........#
#.....^...#
###.........#
#.<.........#
#.....e...# #.
#.####
#.#..#es..#
#.#.......#
#.#.###...#
#.#.#.#...#
#.#.#.....#
#.#.#.#...#
#.#.#.#.#...#
#.#.........#
#.###..#<#.....


You could see Duvessa (fast, extremely poisoned).

Vanquished Creatures
  An orc wizard (D:3)
  A hound skeleton (D:4)
  2 adders
  2 worms (D:2)
  3 dart slugs
  6 orcs (D:3)
  11 endoplasms
  3 giant cockroaches
  3 goblins
  3 hobgoblins
  4 quokkas
  7 ball pythons
  3 bats
  A frilled lizard (D:2)
  2 kobolds
  3 rats
55 creatures vanquished.

Vanquished Creatures (others)
  A goblin (D:4)
1 creature vanquished.

Grand Total: 56 creatures vanquished

Notes
Turn   | Place    | Note
-------+----------+-------------------------------------------
     0 | D:1      | kae the Draconian Transmuter began the quest for the Orb.
     0 | D:1      | Reached XP level 1. HP: 16/16 MP: 3/3
   344 | D:1      | Reached XP level 2. HP: 18/23 MP: 3/5
  1297 | D:2      | Reached XP level 3. HP: 23/28 MP: 4/6
  1301 | D:2      | Learned a level 3 spell: Spider Form
  2282 | D:2      | Reached skill level 1 in Poison Magic
  2501 | D:3      | Found a faded altar of an unknown god.
  2528 | D:3      | Reached XP level 4. HP: 32/35 MP: 5/7
  2797 | D:3      | Found Qysasm's Distillery.
  2808 | D:3      | Bought a potion of curing for 30 gold pieces
  2808 | D:3      | Bought a potion of might for 40 gold pieces
  2888 | D:3      | Found a bloodstained altar of Trog.
  3185 | D:3      | Found an opulent altar of Gozag.
  3325 | D:4      | Noticed Duvessa
  3325 | D:4      | Noticed Dowan
  3330 | D:4      | Found Dairrimp's General Store.
  3841 | D:4      | Slain by Duvessa

Illustrated notes

Levels and vault maps discovered:
D:1:      saegor_arrival_fortress, layout_basic, st_stairs_2,
          minmay_statues_item
D:2:      layout_loops_cross, kennysheep_pointless_box,
          minmay_increasing_density
D:3:      layout_loops_cross, general_overflow_altar, grunt_gozag_statues,
          serial_shops, shop, ebering_ecumenical_altar_abandoned,
          small_statue_alley_b
D:4:      layout_basic, mainiacjoe_overflow_two_lobes,
          minmay_temple_entry_statues_pillars, grunt_decor_one_mirror,
          nicolae_stop_n_shop_1, uniq_duvessa

Skill      XL: |  1  2  3 |
---------------+----------+-----
Transmutations | 3 |  3.6
Poison Magic   | 1 |  1.7
Fighting       | |  1.1
Dodging        | |  1.7
Unarmed Combat | |  3.6
Spellcasting   | |  2.7

Action                   |  1- 3 |  4- 6 || total
-------------------------+-------+-------++-------
Melee: Unarmed           |   118 |    56 ||   174
       Kick              |    13 |     3 ||    16
       Headbutt          |    12 |     4 ||    16
       Tailslap          |     7 |     6 ||    13
       Punch             |     1 |       ||     1
 Cast: Beastly Appendage |    23 |     6 ||    29
       Spider Form       |       |     5 ||     5
  Use: Scroll            |     4 |       ||     4
       Potion            |       |     1 ||     1
 Stab: Sleeping          |       |     1 ||     1
Armor: Skin              |    44 |    11 ||    55
Dodge: Dodged            |    78 |    49 ||   127

Table legend: (Time is in decaauts)
 A = Elapsed time spent in this place.
 B = Non-inter-level travel time spent in this place.
 C = Inter-level travel time spent in this place.
 D = Time resting spent in this place.
 E = Time spent auto-exploring this place.
 F = Levels seen in this place.
 G = Mean time per level.
                   A        B        C        D        E       F      G
               +--------+--------+--------+--------+--------+-----+--------+
         Total |   3841 |   3742 |     99 |    488 |   2802 |   4 |  960.2 |
       Dungeon |   3841 |   3742 |     99 |    488 |   2802 |   4 |  960.2 |
               +--------+--------+--------+--------+--------+-----+--------+

Top non-repeatable levels by time:
     D:3: 1292 daAuts
     D:1: 1264 daAuts
     D:2: 1190 daAuts
     D:4: 94 daAuts
